Map: Apotheosis LE

Players

llllllllllll - Winner!

  • Race: Zerg Zerg
  • League: Master

Guru

  • Race: Zerg Zerg
  • League: Master

VOD

Have the link to the VOD?

Description

Time

  • Played on: Oct. 28, 2016, 2:50 p.m.
  • Length: 7:37
Show
View Real Time Build Order
Export as new Build Order

llllllllllll Zerg - Winner!

Build Orders: Pool First, Roach Nydus 

Get SALT Encoding   

  12  0:01  Drone  
  13  0:13  Overlord  
  13  0:18  Drone  
  14  0:31  Drone x2  
  16  0:41  Spawning Pool  
  15  0:45  Drone  
  17  0:50  Drone  
  17  1:10  Unknown, Hatchery  
  16  1:13  Drone  
  17  1:27  Extractor  
  17  1:28  Zergling x4  
  17  1:29  Zergling x2  
  19  1:34  Queen  
  21  1:40  Overlord  
  21  1:50  Drone  
  22  2:02  Drone  
  23  2:09  Queen  
  23  2:12  Drone  
  26  2:22  Unknown  
  26  2:23  Queen, Drone x2  
  30  2:33  Overlord x2  
  30  2:46  Drone x2  
  31  2:51  Drone x2  
  31  2:52  Drone  
  31  2:57  Drone  
  33  3:06  Drone x2  
  33  3:07  Evolution Chamber  
  33  3:09  Lair  
  33  3:12  Drone  
  35  3:22  Drone x2  
  35  3:23  Roach Warren  
  35  3:25  Drone  
  37  3:29  Drone x2  
  37  3:33  Drone  
  40  3:35  Drone  
  40  3:36  Drone  
  40  3:39  Drone x2  
  44  3:43  Evolution Chamber  
  43  3:51  Extractor  
  43  3:53  Extractor  
  43  3:55  Drone x4  
  44  3:56  Drone x2  
  44  3:58  Drone  
  48  4:05  Roach x2  
  48  4:06  Overlord  
  52  4:21  Unknown, Hatchery  
  51  4:26  Roach x4  
  59  4:31  Overlord  
  59  4:34  Zerg Missile Weapons Level 1  
  59  4:36  Overlord  
  59  4:39  Overlord  
  59  4:41  Overlord  
  59  4:49  Queen x2  
  59  4:51  Overseer  
  59  4:52  Roach  
  65  4:58  Roach, Nydus Network  
  66  5:00  Roach  
  68  5:10  Roach x3  
  74  5:20  Roach  
  74  5:21  Roach x2  
  82  5:27  Roach  
  85  5:31  Roach  
  85  5:34  Roach  
  85  5:36  Roach  
  85  5:37  Queen  
  83  5:42  Nydus Canal  
  83  5:48  Roach  
  87  5:52  Overlord  
  87  5:53  Roach x2  
  91  6:08  Overlord x2  
  91  6:11  Spore Crawler  
  90  6:14  Overlord  
  90  6:15  Queen  
  90  6:21  Roach  
  90  6:22  Roach, Drone  
  90  6:25  Roach  
  97  6:26  Unknown, Hatchery  
  97  6:28  Nydus Canal  
  97  6:31  Roach  
  98  6:36  Roach  
  98  6:39  Roach x2  
  104  6:43  Roach  
  104  6:46  Ravager  
  105  6:52  Drone x2  
  107  6:59  Roach x4  
  112  7:07  Roach  
  114  7:13  Roach  
  104  7:16  Roach  
  104  7:20  Drone  
Show
View Real Time Build Order
Export as new Build Order

Guru Zerg 

Build Orders: Hatch First 

Get SALT Encoding   

  12  0:01  Drone  
  13  0:12  Overlord  
  13  0:17  Drone  
  14  0:31  Drone  
  14  0:32  Drone  
  16  0:36  Drone  
  17  0:51  Unknown, Hatchery  
  17  0:55  Drone  
  17  1:08  Spawning Pool  
  17  1:11  Extractor  
  15  1:13  Drone  
  15  1:17  Drone  
  17  1:21  Drone  
  18  1:29  Drone  
  19  1:42  Drone  
  20  1:51  Overlord  
  20  1:55  Queen  
  22  2:03  Queen, Unknown  
  22  2:04  Zergling x2  
  25  2:10  Metabolic Boost  
  25  2:13  Drone  
  25  2:14  Drone  
  27  2:17  Drone  
  28  2:24  Drone  
  28  2:25  Drone  
  30  2:37  Unknown, Hatchery  
  27  2:53  Drone  
  27  2:55  Drone x4  
  32  3:00  Baneling Nest  
  31  3:10  Drone x4  
  34  3:17  Overlord  
  34  3:25  Overlord  
  34  3:26  Drone  
  34  3:27  Drone  
  36  3:34  Overlord  
  36  3:37  Queen  
  39  3:41  Zergling x6  
  39  3:42  Zergling x2  
  42  3:48  Unknown  
  42  3:49  Zergling x6  
  42  3:50  Zergling x2  
  42  3:54  Zergling x2  
  42  3:55  Zergling x4  
  49  3:57  Zergling x2  
  49  3:59  Zergling x2  
  51  4:04  Evolution Chamber  
  50  4:12  Baneling x2  
  50  4:13  Queen  
  50  4:14  Drone  
  50  4:15  Drone  
  54  4:17  Drone  
  54  4:21  Overlord  
  54  4:23  Zergling x2  
  56  4:26  Zergling x2  
  56  4:27  Zergling x2  
  56  4:28  Baneling x3  
  58  4:36  Drone  
  58  4:37  Drone  
  60  4:39  Drone  
  60  4:41  Drone x2  
  60  4:43  Drone  
  60  4:44  Drone  
  65  4:46  Drone  
  65  4:50  Drone x2  
  65  4:52  Drone x2  
  70  4:55  Extractor  
  70  4:57  Drone x2  
  70  4:58  Drone  
  72  5:03  Overlord  
  71  5:13  Roach Warren  
  71  5:14  Drone x2  
  72  5:15  Lair, Overlord  
  72  5:16  Drone x2  
  73  5:25  Overlord  
  73  5:34  Overlord  
  66  5:39  Drone x2  
  66  5:41  Extractor  
  66  5:42  Extractor  
  62  5:44  Drone  
  62  5:45  Spine Crawler, Drone  
  62  5:46  Spine Crawler  
  62  5:48  Drone x2  
  64  5:54  Roach  
  64  5:55  Roach x6  
  78  5:58  Roach  
  80  6:07  Roach x2  
  82  6:15  Roach  
  82  6:16  Roach x5  
  82  6:17  Zergling x6  
  97  6:26  Extractor x2  
  97  6:27  Overlord  
  97  6:29  Roach x3  
  97  6:31  Overlord  
  95  6:35  Overlord  
  95  6:41  Overlord  
  95  6:44  Overlord  
  95  6:46  Roach x2  
  97  6:47  Roach x3  
  97  6:56  Roach x2  
  97  7:03  Roach  
Tags
 
Add a new tag
Caveats
  • Supply blocks, unpowered buildings, or Contaminate may cause inaccurate times.
  • Supply counts are checked every 10 seconds.